 Dungeon Crawl Stone Soup version 0.29.1-2-gbd0b4ee654 (webtiles) character file.

Game seed: 5595536973080661158

39 xian the Sneak (level 3, 0/16 HPs)
             Began as a Spriggan Enchanter on Nov 10, 2022.
             Slain by an orc
             ... wielding a +0 club
              (4 damage)
             ... on level 2 of the Dungeon.
             The game lasted 00:06:37 (2831 turns).

xian the Sneak (Spriggan Enchanter)                 Turns: 2831, Time: 00:06:37

Health: 0/16       AC:  2    Str:  4    XL:     3   Next: 28%
Magic:  1/8        EV: 17    Int: 18    God:
Gold:   129        SH:  0    Dex: 15    Spells: 6/8 levels left

rFire   . . .      SeeInvis +   a - +1 dagger
rCold   . . .      Faith    .   (no shield)
rNeg    . . .      Spirit   .   b - +0 robe
rPois   .          Reflect  .   (helmet restricted)
rElec   .          Harm     .   (no cloak)
rCorr   .          Rampage  .   (gloves unavailable)
Will    .....                   (boots unavailable)
Stlth   +++.......              (no amulet)
HPRegen 0.05/turn               (no ring)
MPRegen 0.11/turn               (no ring)

@: very quick
A: very small, no large weapons, unfitting armour, see invisible, speed 3
a: no special abilities


You were on level 2 of the Dungeon.
You visited 1 branch of the dungeon, and saw 3 of its levels.

You collected 129 gold pieces.

Inventory:

Hand Weapons
 a - a +1 dagger (weapon)
Missiles
 i - 4 boomerangs (quivered)
Armour
 b - a +0 robe (worn)
Scrolls
 d - a scroll of teleportation {unknown}
 f - a scroll of immolation {unknown}
 h - 3 scrolls of fear {unknown}
 j - a scroll of amnesia {unknown}
 l - a scroll of poison {unknown}
 m - a scroll of enchant armour {unknown}
Potions
 c - 2 potions of invisibility
 e - a potion of degeneration {unknown}
 g - 3 potions of ambrosia {unknown}
 k - a potion of haste {unknown}
 n - a potion of flight {unknown}


   Skills:
 + Level 0.1 Fighting
 + Level 1.1 Short Blades
 + Level 2.8 Dodging
 + Level 5.6 Stealth
 + Level 3.0 Spellcasting
 + Level 4.1 Hexes


You had 6 spell levels left.
You knew the following spells:

 Your Spells              Type           Power      Damage    Failure   Level
a - Ensorcelled Hibernat  Hex/Ice        20%        N/A       11%         2

Your spell library contained the following spells:

 Spells                   Type           Power      Damage    Failure   Level
 Slow                     Hex            68%        N/A       3%          1
 Confusing Touch          Hex            17%        N/A       9%          3
 Tukima's Dance           Hex            17%        N/A       9%          3
 Dazzling Flash           Conj/Hex       20%        N/A       21%         3
 Gell's Gravitas          Tloc           2%         N/A       43%         3
 Teleport Other           Tloc           2%         N/A       43%         3
 Vampiric Draining        Necr           2%         2d6       43%         3
 Dispersal                Tloc           1%         N/A       100%        6


Dungeon Overview and Level Annotations

Branches:
Dungeon (3/15)

Altars:


Innate Abilities, Weirdness & Mutations

You are very small and have problems with some larger weapons.
You are too small for most types of armour.
You have supernaturally acute eyesight. (SInv)
You cover ground extremely quickly. (Speed+++)


Message History

You kill the goblin!
The quokka completely misses you. The quokka bites you.
* * * LOW HITPOINT WARNING * * *
Things that are here:
a +0 club; a goblin corpse Your magical contamination has completely faded away.
The quokka twitches its whiskers.
The quokka closely misses you.
Casting: Ensorcelled Hibernation (safe; 11% risk of failure)
Confirm with . or Enter, or press ? or * to list all spells.
Aiming: Ensorcelled Hibernation (safe; 11% risk of failure)
Press: ? - help, Shift-Dir - straight line, f - quokka
Aim: a quokka (chance to affect: 62%)
The quokka resists with significant effort.
The orc shouts!
The quokka bites you.
* * * LOW HITPOINT WARNING * * *
You hit the quokka.
The quokka is moderately wounded.
The quokka misses you.
You hit the quokka.
You kill the quokka!
You see here a quokka corpse.
You start resting.
An orc is nearby!
Casting: Ensorcelled Hibernation (safe; 11% risk of failure)
Confirm with . or Enter, or press ? or * to list all spells.
Aiming: Ensorcelled Hibernation (safe; 11% risk of failure)
Press: ? - help, Shift-Dir - straight line, f - orc
Aim: an orc, wielding a +0 club (chance to affect: 62%)
The orc resists with significant effort.
The orc closely misses you.
You barely miss the orc. The orc completely misses you.
You hit the orc.
The orc is lightly wounded.
The orc barely misses you.
You hit the orc.
The orc is moderately wounded.
The orc hits you with a +0 club.
You die...

#### ####..#######
.........@o.#
####..#####.#
#.#########..# #.#
.<....o..†...# #.#
##.......#o..# #.#
#........#...# #.#
#........#...#####.#
#.#......#...o.....#
#.#.######.#.#######


You could see an orc.

Vanquished Creatures
  An adder (D:2)
  A worm (D:2)
  2 dart slugs
  An orc (D:1)
  A ball python (D:2)
  A bat (D:1)
  2 endoplasms
  A goblin (D:2)
  2 hobgoblins (D:2)
  2 quokkas (D:2)
  A frilled lizard (D:1)
  5 kobolds
  3 rats
23 creatures vanquished.

Notes
Turn   | Place    | Note
-------+----------+-------------------------------------------
     0 | D:1      | xian the Spriggan Enchanter began the quest for the Orb.
     0 | D:1      | Reached XP level 1. HP: 9/9 MP: 5/5
   688 | D:1      | Found a faded altar of an unknown god.
   748 | D:1      | Reached XP level 2. HP: 13/13 MP: 6/6
  1213 | D:2      | Reached skill level 5 in Stealth
  1217 | D:2      | Learned a level 2 spell: Ensorcelled Hibernation
  1952 | D:2      | Reached XP level 3. HP: 3/16 MP: 2/8
  2831 | D:2      | Slain by an orc

Illustrated notes

Levels and vault maps discovered:
D:1:      heliophobic_arrival_enchanted_forest, layout_basic,
          basic_ecumenical_altar, kennysheep_small_spiral
D:2:      cheibrodos_pilgrimage, layout_basic, basic_altar,
          chequers_serial_rivers_large_a, chequers_garden, nrook_uturn
D:3:      layout_basic, mainiacjoe_overflow_small_starburst, uniq_grinder

Skill      XL: |  1  2 |
---------------+-------+-----
Hexes          | 4 |  4.1
Stealth        | 5 |  5.6
Spellcasting   | 3 |  3.0
Fighting       | |  0.1
Short Blades   | |  1.1
Dodging        | |  2.8

Action                   || total
-------------------------++-------
Melee: Dagger            ||    93
       Punch             ||     1
Throw: Boomerang         ||     2
 Cast: Ensorcelled Hiber ||     8
 Stab: Sleeping          ||     5
       Distracted        ||     1
Armor: Robe              ||     9
Dodge: Dodged            ||    66
